 Dungeon Crawl Stone Soup version 0.29-a0-330-g52719c12eb (webtiles) character file.

Game seed: 7608698509869733550

149 kae the Firebug (level 4, 0/33 HPs)
             Began as a Demigod Fire Elementalist on Apr 28, 2022.
             Succumbed to a scorpion's poison
             ... on level 4 of the Dungeon.
             The game lasted 00:02:02 (4058 turns).

kae the Firebug (Demigod Fire Elementalist)         Turns: 4058, Time: 00:02:03

Health: 0/33       AC:  3    Str:  9    XL:     4   Next: 83%
Magic:  1/11       EV: 12    Int: 21    God:
Gold:   181        SH:  0    Dex: 14    Spells: 2/8 levels left

rFire   + . .      SeeInvis .   h - +2 whip (venom)
rCold   + . .      Faith    .   (no shield)
rNeg    . . .      Spirit   .   a - +0 robe
rPois   +          Reflect  .   f - +1 hat
rElec   +          Harm     .   (no cloak)
rCorr   +          Rampage  .   (no gloves)
Will    .....                   (no boots)
Stlth   ++........              (no amulet)
HPRegen 0.11/turn               (no ring)
MPRegen 0.12/turn               (no ring)

@: lethally poisoned (0 -> -2), resistant, flying, invisible
A: high MP 1, forlorn, divine attributes
a: no special abilities


You were on level 4 of the Dungeon.
You visited 1 branch of the dungeon, and saw 4 of its levels.

You collected 181 gold pieces.

Inventory:

Hand Weapons
 h - a +2 whip of venom (weapon)
Armour
 a - a +0 robe (worn)
 f - a +1 hat (worn)
Wands
 g - a wand of flame (26)
Potions
 b - a potion of magic
 e - a potion of brilliance
 j - 3 potions of haste


   Skills:
 - Level 1.7 Dodging
 - Level 1.7 Stealth
 + Level 2.9 Spellcasting
 + Level 2.6 Conjurations
 + Level 3.7 Fire Magic


You had 2 spell levels left.
You knew the following spells:

 Your Spells              Type           Power      Damage    Failure   Level
a - Foxfire               Conj/Fire      64%        2x1d7     3%          1
b - Scorch                Fire           36%        2d7       4%          2
c - Conjure Flame         Conj/Fire      16%        6-21      11%         3

Your spell library contained the following spells:

 Spells                   Type           Power      Damage    Failure   Level
 Freeze                   Ice            12%        1d4       14%         1
 Inner Flame              Hex/Fire       11%        N/A       19%         3
 Flame Wave               Conj/Fire      16%        2d6       34%         4
 Frozen Ramparts          Ice            6%         1d2       38%         3
 Hailstorm                Conj/Ice       8%         3d4       61%         4


Dungeon Overview and Level Annotations

Branches:
Dungeon (4/15)
 Temple: D:4-7


Innate Abilities, Weirdness & Mutations

You have an increased reservoir of magic. (+10% MP)
You shall have no god before yourself.
Your divine heritage dramatically boosts your attributes as you level up.


Message History

The scorpion misses you.
A goblin comes into view. It is wielding a +0 club.
Casting: Scorch (safe; 4% risk of failure)
Confirm with . or Enter, or press ? or * to list all spells.
Flames lash the scorpion.
The scorpion is burned terribly!
The scorpion is severely wounded.
The scorpion barely misses you. The scorpion stings you.
* * * LOW HITPOINT WARNING * * *
You are lethally poisoned!
The scorpion poisons you! The dart slug launches a dart at you.
The slug dart hits the scorpion.
Casting: Scorch (safe; 4% risk of failure)
Confirm with . or Enter, or press ? or * to list all spells.
You don't have enough magic to cast this spell.
Casting: Scorch (safe; 4% risk of failure)
Confirm with . or Enter, or press ? or * to list all spells.
You don't have enough magic to cast this spell.
Casting: Scorch (safe; 4% risk of failure)
Confirm with . or Enter, or press ? or * to list all spells.
You conjure some foxfire!
* * * LOW HITPOINT WARNING * * *
You feel very sick.
The goblin shouts!
* * * LOW HITPOINT WARNING * * *
You feel sick.
The foxfire hits the dart slug.
The dart slug is severely wounded.
The foxfire hits the dart slug.
You kill the dart slug!
Okay, then.
* * * LOW HITPOINT WARNING * * *
You feel sick.
* * * LOW HITPOINT WARNING * * *
You feel sick.
* * * LOW HITPOINT WARNING * * *
You feel sick.
The scorpion is no longer more vulnerable to fire.
* * * LOW HITPOINT WARNING * * *
You feel sick.
You die...

#.#. #.).# #...
#..###### ##..#
#........ ...#
##........
##.#.####.........
#..#..##..s.......
#.##..............
#.##.#.#.#........
#.##.#..@#........
###....#..###.......
# #...†###..##
#...... #....#.##
#... ......
##.####.####.###
######
.............###
##..............
#......########
#......#


You could see a scorpion (wandering, can't see you).

Vanquished Creatures
  A hound (D:4)
  3 adders
  3 worms
  3 dart slugs
  6 ball pythons
  5 endoplasms
  2 giant cockroaches (D:1)
  6 hobgoblins
  6 jackals
  5 quokkas
  5 bats
  4 frilled lizards
  8 goblins
  9 kobolds
  9 rats
75 creatures vanquished.

Vanquished Creatures (collateral kills)
  3 foxfires (D:2)
3 creatures vanquished.

Vanquished Creatures (others)
  207 foxfires
  7 plants (D:2)
214 creatures vanquished.

Grand Total: 292 creatures vanquished

Notes
Turn   | Place    | Note
-------+----------+-------------------------------------------
     0 | D:1      | kae the Demigod Fire Elementalist began the quest for the
                  | Orb.
     0 | D:1      | Reached XP level 1. HP: 14/14 MP: 5/5
    39 | D:1      | Reached skill level 1 in Conjurations
   267 | D:1      | Reached XP level 2. HP: 20/20 MP: 1/7
   386 | D:1      | Reached skill level 3 in Fire Magic
  1244 | D:1      | Reached XP level 3. HP: 26/26 MP: 6/9
  1428 | D:2      | Learned a level 2 spell: Scorch
  1432 | D:2      | Learned a level 3 spell: Conjure Flame
  2829 | D:3      | Reached XP level 4. HP: 33/33 MP: 3/10
  4057 | D:4      | HP: 1/33 [poisoned by a scorpion]
  4058 | D:4      | Succumbed to a scorpion's poison

Illustrated notes

Levels and vault maps discovered:
D:1:      dpeg_arrival_fog, layout_basic, hellmonk_ecumenical_altar_run_dry
D:2:      layout_loops_ring, serial_bayou, serial_bayou_shore_b,
          serial_bayou_shore_a, serial_bayou_pond_e, serial_bayou_pond_b
D:3:      layout_loops_ring
D:4:      layout_rooms, minmay_temple_entry_grid, serial_shops,
          nicolae_shop_advertising_works [nicolae_subvault_shop_adworks],
          grunt_decor_fettered, nicolae_concentric_dashed_squares_mild,
          uniq_blork_the_orc

Skill      XL: |  1  2  3 |
---------------+----------+-----
Conjurations   | 1 2 |  2.6
Spellcasting   | 2 |  2.9
Fire Magic     | 3 |  3.7
Dodging        | |  1.7
Stealth        | |  1.7

Action                   |  1- 3 |  4- 6 || total
-------------------------+-------+-------++-------
Melee: Unarmed           |     9 |       ||     9
       Whip              |       |     2 ||     2
 Cast: Foxfire           |    96 |    42 ||   138
       Scorch            |    12 |     7 ||    19
  Use: Potion            |     2 |     4 ||     6
       Scroll            |     6 |     2 ||     8
Armor: Skin              |    24 |       ||    24
       Robe              |     3 |     3 ||     6
Dodge: Dodged            |    17 |    16 ||    33

Table legend: (Time is in decaauts)
 A = Elapsed time spent in this place.
 B = Non-inter-level travel time spent in this place.
 C = Inter-level travel time spent in this place.
 D = Time resting spent in this place.
 E = Time spent auto-exploring this place.
 F = Levels seen in this place.
 G = Mean time per level.
                   A        B        C        D        E       F      G
               +--------+--------+--------+--------+--------+-----+--------+
         Total |   4051 |   3975 |     76 |    113 |   3372 |   4 | 1012.8 |
       Dungeon |   4051 |   3975 |     76 |    113 |   3372 |   4 | 1012.8 |
               +--------+--------+--------+--------+--------+-----+--------+

Top non-repeatable levels by time:
     D:1: 1387 daAuts
     D:3: 1368 daAuts
     D:2: 1219 daAuts
     D:4: 76 daAuts
